Match 46120402
Unlisted

Match 46120402
End
Engineer Squad
Construct Weapon Support Center
Selects Special Operations Battlegroup
Selects M29 Weasel Recon Vehicle
M29 Weasel Recon Vehicle
M1919 Machine Gun Team
Mechanized Support Center
M1919 Machine Gun Team
M3 Armored Personnel Carrier
Engineer Squad
Selects Raiding Flares
Engineer Squad
Designate Forward Repair Station
Construct Tank Depot
Selects Mark Vehicle
Selects UNKNOWN (2162291)
Selects SSF Commando Squad
SSF Commando Squad
M18 Hellcat Tank Destroyer
Mark Vehicle
Raiding Flares
SSF Commando Squad
M4A1 Sherman Whizbang
Salvage Crew
Mark Vehicle
Selects Assault Operation
Improvised Armor
Raiding Flares
M18 Hellcat Tank Destroyer
Improved M9 Bazooka Rockets
Mark Vehicle
Raiding Flares
M18 Hellcat Tank Destroyer
Rapid Repairs
Raiding Flares
Mark Vehicle
Tea Cup
DebaKLeTV
Crossea
CPU - Very Easy
Barbarossa
dbswo0927
0
0

Comments sign in to comment!

No comments posted yet!